 Dungeon Crawl Stone Soup version 0.31-a0-460-g9e667d4245 (webtiles) character file.

Game seed: 7307650058955505686

1284 MisterAzrael the Caller (level 8, -5/41 HPs)
             Began as a Deep Elf Summoner on Aug 4, 2023.
             Was an Initiate of Kikubaaqudgha.
             Killed by divine providence
             ... invoked by an orc priest
              (17 damage)
             ... on level 6 of the Dungeon.
             The game lasted 00:13:17 (6131 turns).

MisterAzrael the Caller (Deep Elf Summoner)         Turns: 6131, Time: 00:13:17

Health: -5/41      AC:  7    Str:  5    XL:     8   Next: 29%
Magic:  14/19      EV: 13    Int: 23    God:    Kikubaaqudgha [......]
Gold:   260        SH:  0    Dex: 22    Spells: 6/19 levels left

rFire   . . .        q - +8 club
rCold   + + +        (no shield)
rNeg    . . .        r - +2 robe {rC+}
rPois   .            e - +0 helmet
rElec   .            (no cloak)
rCorr   .            z - +0 pair of gloves of the Moon {*Corrode rF+ rC+ Dex+7}
SInv    .            d - +0 pair of boots
Will    +....        (no amulet)
Stlth   +++          h - ring of willpower
HPRegen 0.26/turn    j - ring of ice
MPRegen 0.16/turn

%: corrode self (3%)
@: no status effects
A: no striking features
a: Renounce Religion


You were on level 6 of the Dungeon.
You worshipped Kikubaaqudgha.
Kikubaaqudgha was noncommittal.
You visited 2 branches of the dungeon, and saw 7 of its levels.

You collected 260 gold pieces.

Inventory:

Hand Weapons
 i - a +0 rapier
 q - a +8 club (weapon)
Armour
 a - a +0 robe
 d - a +0 pair of boots (worn)
 e - a +0 helmet (worn)
 r - a +2 robe of cold resistance (worn)
 z - the +0 pair of gloves of the Moon (worn) {*Corrode rF+ rC+ Dex+7}
   (You found it on level 6 of the Dungeon)

   Dex:       It affects your dexterity (+7).
   rF:        It protects you from fire.
   rC:        It protects you from cold.
   *Corrode:  It may corrode you when you take damage.
Jewellery
 h - a ring of willpower (left hand)
 j - a ring of ice (right hand)
 s - a ring of ice
 y - a ring of resist corrosion
Wands
 v - a wand of polymorph (11)
 w - a wand of flame (23)
 A - a wand of iceblast (6)
Scrolls
 k - 2 scrolls of enchant armour {unknown}
 m - 3 scrolls of identify {unknown}
 n - 2 scrolls of poison {unknown}
 o - a scroll of amnesia {unknown}
 p - 3 scrolls of teleportation {unknown}
 t - 2 scrolls of enchant weapon {unknown}
Potions
 b - 2 potions of magic
 c - a potion of berserk rage {unknown}
 f - 2 potions of curing
 g - a potion of attraction {unknown}
 l - a potion of haste {unknown}
 u - a potion of resistance {unknown}
 x - a potion of might {unknown}
 B - 2 potions of heal wounds {unknown}


   Skills:
 + Level 2.3 Maces & Flails
 - Level 2.5 Dodging
 - Level 2.5 Stealth
 + Level 6.1 Spellcasting
 * Level 5.4 Conjurations
 * Level 7.6 Summonings
 + Level 3.1 Air Magic
 - Level 0.7 Earth Magic


You had 6 spell levels left.
You knew the following spells:

 Your Spells              Type           Power      Damage    Failure   Level
a - Summon Small Mammal   Summ           100%       N/A       1%          1
b - Call Imp              Summ           84%        N/A       1%          2
c - Stone Arrow           Conj/Erth      42%        3d9       7%          3
d - Summon Lightning Spi  Summ/Air       31%        N/A       10%         4
e - Call Canine Familiar  Summ           42%        N/A       1%          3

Your spell library contained the following spells:

 Spells                   Type           Power      Damage    Failure   Level
 Summon Guardian Golem    Hex/Summ       24%        N/A       5%          3
 Apportation              Tloc           14%        N/A       9%          1
 Necrotise                Necr           28%        1d5       9%          1
 Animate Armour           Summ/Erth      52%        N/A       16%         4
 Volatile Blastmotes      Fire/Tloc      14%        2d11      26%         3
 Fulminant Prism          Conj/Hex       9%         3d7       26%         4
 Iskenderun's Mystic Bla  Conj/Tloc      19%        2d6       26%         4
 Alistair's Intoxication  Tmut/Pois      4%         N/A       93%         5
 Lehudib's Crystal Spear  Conj/Erth      10%        10d4      100%        8


Dungeon Overview and Level Annotations

Branches:
Dungeon (6/15)             Temple (1/1) D:4

Altars:
Ashenzari
Cheibriados
Dithmenos
Fedhas
Gozag
Hepliaklqana
Kikubaaqudgha
Makhleb
Nemelex Xobeh
Qazlal
Ru
Trog
Uskayaw
Vehumet
Wu Jian
Xom
Yredelemnul
Zin
The Shining One

Shops:
D:3 (


Message History

Your hound bites something.
Your hound misses something. Something hits your hound.
Your hound misses something. Something hits your hound.
Your hound closely misses something.
Something hits your hound.
Your hound bites something.
Your hound bites something.
Something misses your hound.
The orc priest casts a cantrip, but nothing happens.
Your hound misses something.
The orc priest invokes the aid of Beogh against you.
Beogh smites you!
* * * LOW HITPOINT WARNING * * *
Your hound misses something.
A puff of flame appears from out of thin air!
The puff of flame hits your hound.
Your hound dies!
Your hound's corpse disappears in a puff of smoke!
Something hits your cerulean imp.
You are too injured to fight recklessly!
It was a potion of curing.
You feel better.
Your cerulean imp hits the orc but does no damage.
Something hits your cerulean imp but does no damage.
The orc priest looks satisfied for a moment.
Casting: Call Imp (safe; 1% risk of failure)
Confirm with . or Enter, or press ? or * to list all spells.
The spell is quite dangerous to miscast (10% risk of failure)!
Continue anyway?
Uppercase [Y]es or [N]o only, please.
The spell is quite dangerous to miscast (10% risk of failure)!
Continue anyway?
An electric hum fills the air.
Your lightning spire shoots out a bolt of lightning at the orc!
The bolt of electricity hits something!
Kikubaaqudgha accepts your kill.
Reactivating autopickup.
You feel a bit more experienced.
The bolt of electricity hits the orc!
The orc dies!
Kikubaaqudgha accepts your kill.
Your cerulean imp disappears in a puff of smoke!
The orc priest invokes the aid of Beogh against you.
Beogh smites you!
You die...
Kikubaaqudgha rasps: "You have failed me!
Welcome... death!"

#..#.# #.##.... #..#.#
#....... #..#.#
####.... #..#.# ##.#.
#..#.#######.#.
##..#.........#.
######...............
#...#.....#######..##
#8..@...............#
#.ยงยง#.....#######...#
##)###...##### #.[.^
#o# ##.......###.#.#
#)# #.####...##.#.# #o#
#.##...#....#.# #.#
.##.#...####.# #o#
#.#...## #.# #.#
.##......##...


You could see an orc priest (ally target) and a friendly lightning spire
(summoned).

Vanquished Creatures
  2 scorpions (D:4)
  A hound (D:5)
  Natasha (D:4)
  2 adders
  An orc (D:3)
  A bat (D:1)
  An endoplasm (D:4)
  2 hobgoblins (D:3)
  A kobold (D:1)
12 creatures vanquished.

Vanquished Creatures (collateral kills)
  Menkaure (D:5)
  A water moccasin (D:5)
  2 black bears (D:5)
  A phantom (D:6)
  Blork the orc (D:5)
  A bullfrog (D:6)
  A scorpion (D:6)
  2 hounds
  2 jellies
  A gnoll bouda (D:6)
  An iguana (D:6)
  Jessica (D:3)
  Ijyb (D:5)
  An orc wizard (D:6)
  3 gnolls (D:6)
  4 adders
  A white imp (D:6)
  2 worms
  3 dart slugs
  6 orcs
  3 bats
  9 endoplasms
  10 goblins
  5 hobgoblins
  5 quokkas
  5 ball pythons
  A frilled lizard (D:2)
  3 kobolds
  6 rats
83 creatures vanquished.

Grand Total: 95 creatures vanquished

Notes
Turn   | Place    | Note
-------+----------+-------------------------------------------
     0 | D:1      | MisterAzrael the Deep Elf Summoner began the quest for the
                  | Orb.
     0 | D:1      | Reached XP level 1. HP: 10/10 MP: 6/6
   231 | D:1      | Reached XP level 2. HP: 15/15 MP: 4/8
   234 | D:1      | Learned a level 2 spell: Call Imp
   766 | D:1      | Reached skill level 5 in Summonings
   961 | D:1      | Reached XP level 3. HP: 19/19 MP: 7/10
  1138 | D:1      | Learned a level 3 spell: Stone Arrow
  2026 | D:3      | Reached skill level 1 in Conjurations
  2192 | D:3      | Found a faded altar of an unknown god.
  2235 | D:3      | Found Biab's Antique Weapon Shoppe.
  2252 | D:3      | Reached XP level 4. HP: 14/24 MP: 7/11
  2455 | D:3      | Learned a level 4 spell: Summon Lightning Spire
  2741 | D:3      | Noticed Jessica
  2756 | D:3      | Killed Jessica
  2901 | D:3      | Found a glowing silver altar of Zin.
  2901 | D:3      | Noticed an angel
  3017 | D:4      | Noticed a scorpion
  3032 | D:4      | Killed a scorpion
  3033 | D:4      | Reached XP level 5. HP: 28/28 MP: 2/13
  3162 | D:4      | Reached skill level 1 in Air Magic
  3504 | D:4      | Noticed Natasha
  3508 | D:4      | Killed Natasha
  3509 | D:4      | Reached skill level 6 in Summonings
  3509 | D:4      | Reached XP level 6. HP: 32/32 MP: 7/14
  3568 | D:4      | Reached skill level 1 in Maces & Flails
  3951 | D:4      | Found a staircase to the Ecumenical Temple.
  4072 | Temple   | Entered the Ecumenical Temple
  4191 | Temple   | Became a worshipper of Kikubaaqudgha
  4270 | D:5      | Entered Level 5 of the Dungeon
  4368 | D:5      | Noticed Ijyb
  4459 | D:5      | Noticed a water moccasin
  4474 | D:5      | Killed a water moccasin
  4475 | D:5      | Reached skill level 5 in Spellcasting
  4621 | D:5      | Noticed Menkaure
  4622 | D:5      | Reached XP level 7. HP: 31/36 MP: 8/16
  4627 | D:5      | Killed Menkaure
  4979 | D:5      | Killed Ijyb
  5149 | D:5      | Reached skill level 7 in Summonings
  5183 | D:5      | Noticed Blork the orc
  5190 | D:5      | Killed Blork the orc
  5409 | D:6      | Reached XP level 8. HP: 41/41 MP: 14/18
  5413 | D:6      | Learned a level 3 spell: Call Canine Familiar
  5459 | D:6      | Reached skill level 5 in Conjurations
  5465 | D:6      | Identified the +0 pair of gloves of the Moon {*Corrode rF+
                  | rC+ Dex+7}
  6131 | D:6      | Killed from afar by an orc priest

Illustrated notes

Levels and vault maps discovered:
D:1:      lemuel_arrival_tunnels, layout_loops_ring
D:2:      layout_loops_ring
D:3:      layout_basic, zin_angel, dreamdust_ecumenical_altar_angels_and_demons,
          serial_shops, nicolae_shop_overgrown_old_shop,
          kennysheep_jessica_study
D:4:      layout_basic, temple_hall, uniq_natasha
D:5:      layout_loops_ring, minivault_25, uniq_ijyb, uniq_menkaure,
          uniq_blork_the_orc
D:6:      layout_loops_ring
Temple:   mainiacjoe_temple_coin_purse

Skill      XL: |  1  2  3  4  5  6  7  8 |
---------------+-------------------------+-----
Summonings     | 5 6 7 |  7.6
Conjurations   | 1 2 3 4 5 |  5.4
Spellcasting   | 4 5 6 |  6.1
Air Magic      | 1 2 3 |  3.1
Maces & Flails | 1 2 |  2.3
Dodging        | |  2.5
Stealth        | |  2.5
Earth Magic    | |  0.7

Action                     |  1- 3 |  4- 6 |  7- 9 || total
---------------------------+-------+-------+-------++-------
  Melee: Unarmed           |     4 |       |       ||     4
         Rapier            |     6 |     6 |       ||    12
         Club              |       |     9 |     4 ||    13
         Punch             |       |     1 |       ||     1
   Cast: Summon Small Mamm |    15 |     8 |       ||    23
         Call Imp          |    24 |    18 |     7 ||    49
         Stone Arrow       |       |    11 |       ||    11
         Summon Lightning  |       |     1 |     8 ||     9
         Call Canine Famil |       |       |     3 ||     3
    Use: Scroll            |     1 |       |       ||     1
         Potion            |       |       |     1 ||     1
   Stab: Distracted        |       |     1 |       ||     1
 Armour: Robe              |    19 |    20 |     9 ||    48
  Dodge: Dodged            |    46 |    49 |    16 ||   111

Table legend: (Time is in decaauts)
 A = Elapsed time spent in this place.
 B = Non-inter-level travel time spent in this place.
 C = Inter-level travel time spent in this place.
 D = Time resting spent in this place.
 E = Time spent auto-exploring this place.
 F = Levels seen in this place.
 G = Mean time per level.
                   A        B        C        D        E       F      G
               +--------+--------+--------+--------+--------+-----+--------+
         Total |   6133 |   5910 |    223 |    738 |   3886 |   7 |  876.1 |
       Dungeon |   6003 |   5883 |    120 |    738 |   3886 |   6 | 1000.5 |
        Temple |    129 |     26 |    103 |      0 |      0 |   1 |  129.0 |
               +--------+--------+--------+--------+--------+-----+--------+

Top non-repeatable levels by time:
     D:1: 1164 daAuts
     D:4: 1156 daAuts
     D:5: 1079 daAuts
     D:3: 1077 daAuts
     D:6: 784 daAuts
     D:2: 741 daAuts
  Temple: 129 daAuts
